 Dungeon Crawl Stone Soup version 0.28-a0-803-g74956062c1 (webtiles) character file.

Game seed: 7724412045109412493

764 BinkBink the Poker (level 7, -6/62 HPs)
             Began as a Minotaur Fighter on Nov 7, 2021.
             Killed by divine providence
             ... invoked by an orc priest
              (15 damage)
             ... on level 5 of the Dungeon.
             The game lasted 00:07:12 (4799 turns).

BinkBink the Poker (Minotaur Fighter)               Turns: 4799, Time: 00:07:12

Health: -6/62      AC: 13    Str: 23    XL:     7   Next: 51%
Magic:  6/6        EV:  7    Int:  5    God:
Gold:   168        SH:  4    Dex:  9    Spells: 6/6 levels left

rFire   . . .      SeeInvis .   a - +0 trident
rCold   . . .      Faith    .   c - +0 buckler
rNeg    . . .      Spirit   .   l - +0 plate armour
rPois   .          Reflect  .   (helmet restricted)
rElec   .          Harm     .   (no cloak)
rCorr   .          Rampage  .   (no gloves)
Will    .....                   (no boots)
Stlth   ..........              (no amulet)
HPRegen 0.20/turn               (no ring)
MPRegen 0.10/turn               (no ring)

@: no status effects
A: horns 2, retaliatory headbutt
a: no special abilities


You were on level 5 of the Dungeon.
You visited 1 branch of the dungeon, and saw 5 of its levels.

You collected 168 gold pieces.

Inventory:

Hand Weapons
 a - a +0 trident (weapon)
Armour
 b - a +0 scale mail
 c - a +0 buckler (worn)
 l - a +0 plate armour (worn)
Jewellery
 o - an amulet of regeneration
Wands
 s - a wand of mindburst (17)
Scrolls
 e - 6 scrolls of identify {unknown}
 f - 2 scrolls of teleportation {unknown}
 i - 2 scrolls of amnesia {unknown}
 p - a scroll of enchant weapon {unknown}
 q - a scroll of immolation {unknown}
 r - a scroll of magic mapping {unknown}
 t - a scroll of torment {unknown}
Potions
 d - 2 potions of might
 g - 2 potions of mutation {unknown}
 h - a potion of berserk rage {unknown}
 j - a potion of resistance {unknown}
 k - 2 potions of attraction {unknown}
 m - 2 potions of brilliance {unknown}
 n - a potion of curing {unknown}


   Skills:
 + Level 5.6 Fighting
 + Level 6.8 Polearms
 + Level 6.7 Armour
 + Level 0.6 Dodging
 + Level 0.4 Stealth
 + Level 4.3 Shields


You had 6 spell levels left.
You didn't know any spells.
Your spell library contained the following spells:

 Spells                   Type           Power      Damage    Failure   Level
 Blink                    Tloc           0%         N/A       100%        2
 Manifold Assault         Tloc           0%         N/A       100%        5
 Storm Form               Tmut/Air       0%         N/A       100%        7


Dungeon Overview and Level Annotations

Branches:
Dungeon (5/15)
 Temple: D:4-7

Altars:
Sif Muna

Shops:
D:4 *


Innate Abilities, Weirdness & Mutations

You have a pair of horns on your head.
You reflexively headbutt those who attack you in melee.


Message History

The orc priest calls down the wrath of Beogh upon you.
Beogh smites you!
The orc wizard hits you but does no damage.
You are too injured to fight recklessly!
You completely miss the orc wizard. Your headbutt misses the orc wizard.
The orc wizard is almost dead.
The orc wizard barely misses you.
You puncture the orc wizard!
You kill the orc wizard!
You hit the orc.
The orc is lightly wounded.
You block the orc priest's attack. The orc hits you but does no damage.
You puncture the orc!
You kill the orc!
You block the orc priest's attack.
You are too injured to fight recklessly!
You are too injured to fight recklessly!
You are too injured to fight recklessly!
The orc priest calls down the wrath of Beogh upon you.
Pain shoots through your body!
You puncture the orc priest!
The orc priest is heavily wounded.
The orc priest barely misses you.
You closely miss the orc priest.
The orc priest is heavily wounded.
The orc priest barely misses you. You furiously retaliate!
You headbutt the orc priest, but do no damage.
You barely miss the orc priest.
The orc priest is heavily wounded.
The orc priest mumbles some strange prayers to Beogh against you.
Beogh smites you!
* * * LOW HITPOINT WARNING * * *
You hit the orc priest.
The orc priest is severely wounded.
The orc priest hits you but does no damage.
You hit the orc priest.
The orc priest is almost dead.
The orc priest mumbles some strange prayers to Beogh against you.
Beogh smites you!
You die...

##+###......##. .....####### ...#
#......##.#######....##..... #..#
#......##.#................. ...#
#......##............##..... ...#
#.o....+ ......#...#.##.....
...###......####.##.#.....##.....
................)............>...
#.......#.....##.##.##.#..##.....
..#####.#.....##@.#...[..........
#######.#.....##o.####.#..#......
.............)))...# #.#..#......
###....##.....##....##.#.#.......
#....##.....##..#.##.#.#.......
#######.....##..#..#........#.#
#.... #.........##.###......#.#
#....##.....##.###.###.##+#.#.#
#....##.....##.. .........#.#.#


You could see an orc priest.

Vanquished Creatures
  Eustachio (D:4)
  2 ogres
  A water moccasin skeleton (D:3)
  A bullfrog zombie (D:5)
  2 hounds (D:4)
  2 iguanas (D:5)
  A scorpion zombie (D:5)
  3 orc wizards
  A killer bee zombie (D:5)
  6 adders
  A white imp (D:5)
  An ufetubus (D:5)
  An adder skeleton (D:4)
  2 worms
  7 orcs
  8 ball pythons
  4 bats
  7 endoplasms
  3 giant cockroaches
  6 goblins
  3 hobgoblins
  6 jackals
  7 kobolds
  3 quokkas
  6 rats
85 creatures vanquished.

Notes
Turn   | Place    | Note
-------+----------+-------------------------------------------
     0 | D:1      | BinkBink the Minotaur Fighter began the quest for the Orb.
     0 | D:1      | Reached XP level 1. HP: 19/19 MP: 0/0
   192 | D:1      | Reached XP level 2. HP: 27/27 MP: 1/1
  1057 | D:2      | Reached XP level 3. HP: 34/34 MP: 2/2
  2374 | D:3      | Reached XP level 4. HP: 41/41 MP: 3/3
  2924 | D:4      | Noticed Eustachio
  2965 | D:4      | Reached XP level 5. HP: 44/47 MP: 4/4
  2995 | D:4      | Killed Eustachio
  2996 | D:4      | Reached skill level 5 in Fighting
  2996 | D:4      | Reached skill level 5 in Polearms
  2996 | D:4      | Reached skill level 5 in Armour
  2996 | D:4      | Reached XP level 6. HP: 53/56 MP: 5/5
  3330 | D:4      | Found a shimmering blue altar of Sif Muna.
  3746 | D:4      | Found Weushot's Assorted Antiques.
  4025 | D:5      | Entered Level 5 of the Dungeon
  4160 | D:5      | Reached XP level 7. HP: 61/61 MP: 6/6
  4799 | D:5      | Killed from afar by an orc priest

Illustrated notes

Levels and vault maps discovered:
D:1:      minmay_arrival_floating_metal, layout_rooms,
          minmay_stone_trees_medium, grunt_decor_junction
D:2:      layout_basic, serial_rivers, chequers_serial_rivers_marsh,
          chequers_serial_rivers_room_a, chequers_serial_rivers_small_3,
          chequers_serial_rivers_micro_b, kennysheep_generic_room_11
D:3:      layout_basic
D:4:      layout_basic, mainiacjoe_overflow_surrounded_room, serial_shops,
          kennysheep_little_box, uniq_eustachio
D:5:      layout_basic

Skill      XL: |  1  2  3  4  5  6 |
---------------+-------------------+-----
Fighting       | 4 5 |  5.6
Armour         | 4 5 6 |  6.7
Polearms       | 3 4 5 6 |  6.8
Shields        | 4 |  4.3
Dodging        | |  0.6
Stealth        | |  0.4

Action                   |  1- 3 |  4- 6 |  7- 9 || total
-------------------------+-------+-------+-------++-------
Melee: Trident           |   138 |   148 |    49 ||   335
       Headbutt          |    16 |    21 |     8 ||    45
Armor: Scale mail        |    39 |       |       ||    39
       Plate armour      |    10 |    82 |    17 ||   109
Dodge: Dodged            |    38 |    35 |    14 ||    87
Block: Buckler           |    29 |    24 |     4 ||    57

Table legend: (Time is in decaauts)
 A = Elapsed time spent in this place.
 B = Non-inter-level travel time spent in this place.
 C = Inter-level travel time spent in this place.
 D = Time resting spent in this place.
 E = Time spent auto-exploring this place.
 F = Levels seen in this place.
 G = Mean time per level.
                   A        B        C        D        E       F      G
               +--------+--------+--------+--------+--------+-----+--------+
         Total |   4856 |   4569 |    287 |      0 |   3869 |   5 |  971.2 |
       Dungeon |   4856 |   4569 |    287 |      0 |   3869 |   5 |  971.2 |
               +--------+--------+--------+--------+--------+-----+--------+

Top non-repeatable levels by time:
     D:4: 1431 daAuts
     D:1: 1060 daAuts
     D:2: 1052 daAuts
     D:3: 736 daAuts
     D:5: 576 daAuts
